Unix NetHack Version 5.0.0-0 post-release - last build May  4 2026 22:22:43 (774f63e81ad911689b3a0859ea89b322d5daca8d,branch:main).

Game began 2026-05-06 06:00:20, ended 2026-05-06 06:19:38.

2459783kj, neutral female human Valkyrie

 ---------                                    -------
 |.......|                                    |...>.|
 |.......|                                    |.....|
 |........######-------------   #########     |.....|
 ----.----     #|...........|######-----#     |.....|
     #         #|...........|#    #-...|#     -.-----
     #        ##-...........|#     |h..|# #######
     #        ##-------------#     |@..|# #    #
     #        ##             #     |e..|#### ####
     #       #################`    ....|####---.-+-
  ---.---    #                     -----   #|.....|
  |.....|  ###                              |..<..|
  |.....| ##                                |.....|
  |.....| #                                 |.....|
  |.....|##                                 |.....|
  |......#                                  -------
  -------

2459783kj the Skirmisher    St:18 Dx:13 Co:17 In:8 Wi:8 Ch:12  Neutral
Dlvl:3  $:63 HP:0(32) Pw:9(9) AC:6  Xp:3 T:1367 

Latest messages:
 You see here 9 gold pieces.
 $ - 9 gold pieces (51 in total).
 You see here 9 gold pieces.
 You see here 9 gold pieces.
 $ - 9 gold pieces (60 in total).
 You are beginning to feel hungry.
 You kill the gecko!
 You see here a gecko corpse.
 There is a gecko corpse here; eat it? [ynq] (n) y
 This gecko corpse tastes terrible!
 You finish eating the gecko corpse.
 The door opens.
 You see here 3 gold pieces.
 $ - 3 gold pieces (63 in total).
 What do you want to eat? [dl or ?*] ?
 This food really hits the spot!
 You finish eating the food ration.
 You miss the yellow mold.
 You stagger...
 You hear the footsteps of a guard on patrol.
 You feel a bit steadier now.
 You miss the yellow mold.
 You stagger...
 You feel a bit steadier now.
 You hear someone counting gold coins.
 The door opens.
 You see here a balsa wand.
 o - a balsa wand.
 p - a pair of fencing gloves.
 q - a cyan spellbook.
 You miss the floating eye.
 You are frozen by the floating eye's gaze!
 You hear the footsteps of a guard on patrol.
 The hobbit throws a dagger!
 You are hit by a dagger.
 The hobbit hits!
 The hobbit hits!
 The hobbit hits!
 The hobbit hits!
 The hobbit hits!
 The hobbit hits!
 The hobbit hits!
 The hobbit hits!
 The hobbit hits!
 You die...
 Do you want your possessions identified? [ynq] (y) n
 Do you want to see your attributes? [ynq] (y) n
 Do you want an account of creatures vanquished? [ynaq] (y) n
 Do you want to see your conduct and achievements? [ynq] (y) n
 Do you want to see the dungeon overview? [ynq] (y) n

Inventory:
 Coins    ('$')
  $ - 63 gold pieces
 Weapons  (')')
  b - a +0 dagger (alternate weapon; not wielded)
  f - 2 +0 orcish daggers
  m - a rusty +1 orcish dagger
  a - a corroded +1 spear (weapon in right hand)
 Armor    ('[')
  p - an uncursed +0 pair of gauntlets of dexterity
  c - an uncursed +3 small shield (being worn)
  e - a cursed -2 banded mail
 Comestibles  ('%')
  d - 3 uncursed food rations
  l - 2 cursed pancakes
 Scrolls  ('?')
  k - an uncursed scroll of remove curse
 Spellbooks  ('+')
  q - an uncursed spellbook of healing
 Potions  ('!')
  i - a cursed potion of sickness
 Wands    ('/')
  o - a wand of cancellation (0:7)
 Boulders/Statues  ('`')
  h - an empty uncursed statue of a newt

2459783kj the Valkyrie's attributes:

Background:
 You were a Skirmisher, a level 3 human Valkyrie.
 You were neutral, nominally on a mission for Odin
 who was opposed by Tyr (lawful) and Loki (chaotic).
 You were right-handed.
 You were in the Dungeons of Doom, on level 3.
 You entered the dungeon 1367 turns ago.
 You had 55 experience points, 25 more were needed to attain level 4.

Basics:
 You had 0 out of 32 hit points.
 You had all 9 energy points (spell power).
 Your armor class was 6.
 Your wallet contained 63 zorkmids.
 Autopickup was off.

Final Characteristics:
 Your strength was 18 (limit:18/100).
 Your dexterity was 13 (limit:18).
 Your constitution was 17 (limit:18).
 Your intelligence was 8 (limit:18).
 Your wisdom was 8 (limit:18).
 Your charisma was 12 (limit:18).

Final Status:
 You weren't hungry.
 You were unencumbered.
 You were wielding a spear.
 You had basic skill with spear.

Final Attributes:
 You were devoutly aligned.
 You were cold resistant.
 You were stealthy.
 You are dead.

Miscellaneous:
 You didn't encounter any bones levels.
 Total elapsed playing time was 19 minutes and 17 seconds.

Major events:
 Turn
    1: 2459783kj the neutral human Valkyrie entered the dungeon
 1036: attained the rank of Skirmisher (level 3)
 1367: killed by a hobbit, while frozen by a floating eye's gaze

You didn't know any spells.

Skills:
 Fighting Skills
   bare handed combat [Unskilled]
   two weapon combat  [Unskilled]
   riding             [Unskilled]
 Weapon Skills
   dagger             [Basic]
   axe                [Unskilled]
   pick-axe           [Unskilled]
   short sword        [Unskilled]
   broadsword         [Unskilled]
   long sword         [Unskilled]
   two-handed sword   [Unskilled]
   saber              [Unskilled]
   hammer             [Unskilled]
   quarterstaff       [Unskilled]
   polearms           [Unskilled]
   spear              [Basic]
   trident            [Unskilled]
   lance              [Unskilled]
   sling              [Unskilled]
 Spellcasting Skills
   attack spells      [Unskilled]
   escape spells      [Unskilled]

Voluntary challenges:
 Character rerolling was not enabled.
 You were an atheist.
 You were illiterate.
 You never genocided any monsters.
 You never polymorphed an object.
 You never changed form.
 You used no wishes.
Achievement:
 You attained the rank of Skirmisher.

 The Dungeons of Doom: levels 1 to 3
    Level 1:
       An altar, some fountains.
    Level 2:
       A sink.
    Level 3: <- You were here.
       Final resting place for
          you, killed by a hobbit, while frozen by a floating eye's gaze.


Vanquished creatures:
  a red mold
  3 gnome zombies
  2 geckos
  6 jackals
  2 foxes
  4 goblins
  a sewer rat
  a grid bug
  a lichen
  4 newts
25 creatures vanquished.

No species were genocided or became extinct.

Game over:
                       ----------
                      /          \
                     /    REST    \
                    /      IN      \
                   /     PEACE      \
                  /                  \
                  |    2459783kj     |
                  |      63 Au       |
                  |   killed by a    |
                  |      hobbit      |
                  |                  |
                  |                  |
                  |       2026       |
                 *|     *  *  *      | *
        _________)/\\_//(\/(/\)/\//\/|_)_______

Farvel 2459783kj the Valkyrie...

You died in The Dungeons of Doom on dungeon level 3 with 377 points,
and 63 pieces of gold, after 1367 moves.
You were level 3 with a maximum of 32 hit points when you died.

